 Dungeon Crawl Stone Soup version 0.27-a0-1202-ge72e49191c (webtiles) character file.

Game seed: 6513489783011573583

53 pokeman the Magician (level 3, -1/19 (20) HPs)
             Began as a Deep Elf Hedge Wizard on June 4, 2021.
             Slain by an orc
             ... wielding a +2 morningstar of draining
              (4 damage)
             ... on level 3 of the Dungeon.
             The game lasted 00:04:06 (2203 turns).

pokeman the Magician (Deep Elf Hedge Wizard)        Turns: 2203, Time: 00:04:06

HP:   -1/19 (20)    AC:  3    Str:  5 (7)  XL:     3   Next: 62%
MP:   6/11          EV: 11    Int: 18 (19) God:
Gold: 153           SH:  0    Dex: 11 (14) Spells: 1/12 levels left

rFire    + + .     SeeInvis .   b - +2 dagger (venom)
rCold    x . .     Faith    .   (no shield)
rNeg     . . .     Spirit   .   k - +0 leather armour
rPois    .         Reflect  .   c - +0 hat
rElec    .         Harm     .   (no cloak)
rCorr    .         Rampage  .   (no gloves)
Will     .....                  (no boots)
Stlth    ++........             (no amulet)
HPRegen  0.06/turn              f - ring of fire
MPRegen  0.12/turn              m - ring of protection from fire

@: drained
A: no striking features
a: no special abilities


You were on level 3 of the Dungeon.
You visited 1 branch of the dungeon, and saw 3 of its levels.

You collected 153 gold pieces.

Inventory:

Hand Weapons
 b - a +2 dagger of venom (weapon)
Missiles
 e - 9 arrows
 i - 13 bolts
Armour
 c - a +0 hat (worn)
 k - a +0 leather armour (worn)
Jewellery
 f - a ring of fire (left hand)
 m - a ring of protection from fire (right hand)
Scrolls
 a - a scroll of enchant weapon {unknown}
 d - a scroll of fog {unknown}
 h - a scroll of teleportation {unknown}
 j - 3 scrolls of enchant armour {unknown}
 l - a scroll of immolation {unknown}
Potions
 n - a potion of curing


   Skills:
 + Level 0.9 Fighting
 - Level 1.0 Armour
 + Level 2.4 Dodging
 - Level 2.4 Stealth
 * Level 5.3 Spellcasting
 + Level 2.0 Conjurations
 - Level 1.1 Summonings
 - Level 1.1 Translocations


You had one spell level left.
You knew the following spells:

 Your Spells              Type           Power      Damage    Failure   Level
a - Magic Dart            Conj           48%        1d5       9%          1
b - Mephitic Cloud        Conj/Pois/Air  7%         N/A       43%         3
c - Call Imp              Summ           8%         N/A       21%         2
d - Blink                 Tloc           N/A        N/A       21%         2
e - Conjure Flame         Conj/Fire      12%        6-21      38%         3

Your spell library contained the following spells:

 Spells                   Type           Power      Damage    Failure   Level
 Slow                     Hex            4%         N/A       30%         2
 Gell's Gravitas          Tloc           4%         N/A       36%         3
 Confusing Touch          Hex            4%         N/A       52%         3
 Petrify                  Tmut/Erth      4%         N/A       90%         4
 Metabolic Englaciation   Hex/Ice        2%         N/A       99%         5
 Yara's Violent Unravell  Hex/Tmut       2%         3d3       99%         5


Dungeon Overview and Level Annotations

Branches:
Dungeon (3/15)

Altars:

Annotations:
D:3 Sigmund


Message History

Found a coppery potion.
An orc comes into view.
It is wielding a +2 morningstar of draining.
Casting: Magic Dart (safe; 9% risk of failure)
Confirm with . or Enter, or press ? or * to list all spells.
Aiming: Magic Dart (safe; 9% risk of failure)
Press: ? - help, Shift-Dir - straight line, f - orc
Aim: an orc, wielding a +2 morningstar of draining and wearing a +0 ring mail (asleep, 100% to hit)
The magic dart hits the orc but does no damage.
The orc shouts!
A rat comes into view.
Casting: Magic Dart (safe; 9% risk of failure)
Confirm with . or Enter, or press ? or * to list all spells.
Aiming: Magic Dart (safe; 9% risk of failure)
Press: ? - help, Shift-Dir - straight line, f/p - orc
Aim: an orc, wielding a +2 morningstar of draining and wearing a +0 ring mail (100% to hit)
The magic dart hits the orc but does no damage.
Casting: Magic Dart (safe; 9% risk of failure)
Confirm with . or Enter, or press ? or * to list all spells.
Aiming: Magic Dart (safe; 9% risk of failure)
Press: ? - help, Shift-Dir - straight line, f/p - orc
Aim: an orc, wielding a +2 morningstar of draining and wearing a +0 ring mail (100% to hit)
The magic dart hits the orc but does no damage.
Casting: Magic Dart (safe; 9% risk of failure)
Confirm with . or Enter, or press ? or * to list all spells.
Aiming: Magic Dart (safe; 9% risk of failure)
Press: ? - help, Shift-Dir - straight line, f/p - orc
Aim: an orc, wielding a +2 morningstar of draining and wearing a +0 ring mail (100% to hit)
The magic dart hits the orc but does no damage.
The orc closely misses you.
Casting: Magic Dart (safe; 9% risk of failure)
Confirm with . or Enter, or press ? or * to list all spells.
Aiming: Magic Dart (safe; 9% risk of failure)
Press: ? - help, Shift-Dir - straight line, f/p - orc
Aim: an orc, wielding a +2 morningstar of draining and wearing a +0 ring mail (100% to hit)
The magic dart hits the orc but does no damage.
The orc hits you with a +2 morningstar of draining!
Ouch! That really hurt!
* * * LOW HITPOINT WARNING * * *
You feel drained.
You die...

###########
#.........#
#.........#
#.........#
#!........#
#.........########
#...............@#
#.........######.o.#
######.#### ###r#
#.## ... #..## #.#
##..# ..# ##.# .#
#.## # #..#


You could see an orc and a rat.

Vanquished Creatures
  2 worms (D:2)
  An orc (D:2)
  4 ball pythons
  3 endoplasms (D:1)
  3 giant cockroaches (D:1)
  6 goblins
  2 hobgoblins (D:1)
  5 kobolds
  3 quokkas (D:1)
  4 bats
  4 frilled lizards (D:1)
  7 rats
44 creatures vanquished.

Notes
Turn   | Place    | Note
-------+----------+-------------------------------------------
     0 | D:1      | pokeman the Deep Elf Hedge Wizard began the quest for the
                  | Orb.
     0 | D:1      | Reached XP level 1. HP: 10/10 MP: 7/7
   253 | D:1      | Reached XP level 2. HP: 16/16 MP: 3/9
   436 | D:1      | Found a faded altar of an unknown god.
   680 | D:1      | Reached skill level 5 in Spellcasting
   974 | D:1      | Reached XP level 3. HP: 20/20 MP: 7/11
   978 | D:1      | Learned a level 3 spell: Mephitic Cloud
   981 | D:1      | Learned a level 2 spell: Call Imp
   984 | D:1      | Learned a level 2 spell: Blink
   988 | D:1      | Learned a level 3 spell: Conjure Flame
  2157 | D:3      | Noticed Sigmund
  2165 | D:2      | Reached skill level 1 in Armour
  2203 | D:3      | Slain by an orc

Illustrated notes

Levels and vault maps discovered:
D:1:      dpeg_arrival_arbitrary_b, layout_loops_ring,
          ebering_ecumenical_altar_mist, minmay_misc_feat_x, patterned_corridor
D:2:      layout_rooms
D:3:      layout_rooms, portal_sewer_entry_b, hangedman_decor_points,
          chequers_serial_rivers_micro_b, kennysheep_generic_room_14,
          uniq_sigmund

Skill      XL: |  1  2  3 |
---------------+----------+-----
Spellcasting   | 5 |  5.3
Conjurations   | 2 |  2.0
Armour         | 1 |  1.0
Fighting       | |  0.9
Dodging        | |  2.4
Stealth        | |  2.4
Summonings     | |  1.1
Translocations | |  1.1

Action                   || total
-------------------------++-------
Melee: Dagger            ||    25
 Cast: Magic Dart        ||   107
       Call Imp          ||     1
  Use: Potion            ||     2
Armor: Leather armour    ||    10
Dodge: Dodged            ||    24

Table legend: (Time is in decaauts)
 A = Elapsed time spent in this place.
 B = Non-inter-level travel time spent in this place.
 C = Inter-level travel time spent in this place.
 D = Time resting spent in this place.
 E = Time spent auto-exploring this place.
 F = Levels seen in this place.
 G = Mean time per level.
                   A        B        C        D        E       F      G
               +--------+--------+--------+--------+--------+-----+--------+
         Total |   2201 |   2130 |     71 |     31 |   1820 |   3 |  733.7 |
       Dungeon |   2201 |   2130 |     71 |     31 |   1820 |   3 |  733.7 |
               +--------+--------+--------+--------+--------+-----+--------+

Top non-repeatable levels by time:
     D:1: 1427 daAuts
     D:2: 740 daAuts
     D:3: 34 daAuts
